 Dungeon Crawl Stone Soup version 0.17-a0-1-g1f4be75 (webtiles) character file.

32 McCoppin the Scratcher (level 3, -1/17 HPs)
             Began as a Felid Chaos Knight on Mar 7, 2015.
             Slain by a quokka (4 damage)
             ... on level 2 of the Dungeon.
             The game lasted 00:03:17 (1197 turns).

McCoppin the Scratcher (Felid Chaos Knight)         Turns: 1197, Time: 00:03:17

Health: -1/17      AC:  1    Str:  8    XL:     3   Next: 10%
Magic:  5/5        EV: 18    Int: 13    God:    Xom [..*...]
Gold:   99         SH:  0    Dex: 16    Spells: 0 memorised, 2 levels left
                                        Lives:  0   Deaths: 0

rFire  . . .     SeeInvis +       - Unarmed
rCold  . . .     Clarity  .     (armour unavailable)
rNeg   . . .     SustAb   .     (shield unavailable)
rPois  .         Gourm    .     (helmet unavailable)
rElec  .         Spirit   .     (cloak unavailable)
rCorr  .         Warding  .     (gloves unavailable)
rMut   .         Stasis   .     (boots unavailable)
MR     .....                    (no amulet)
Stlth  ++........               (no ring)
                                (no ring)

@: quick, not resistant to hostile enchantments, unstealthy
A: paw claws, no armour, no weapons or thrown items, fangs 3, see invisible,
carnivore 3, speed 1, shaggy fur 1, slow metabolism 1, sharp paws
a: Renounce Religion


You were on level 2 of the Dungeon.
You worshipped Xom.
You were a toy of Xom.
You were very full.

You visited 1 branch of the dungeon, and saw 2 of its levels.

You collected 99 gold pieces.

Inventory:

Scrolls
 a - 2 scrolls of identify {unknown}
 d - a scroll of remove curse {unknown}
Comestibles
 c - a meat ration


   Skills:
 + Level 3.5 Fighting
 - Level 3.2 Dodging
 + Level 3.8 Unarmed Combat


You had 2 spell levels left.
You didn't know any spells.

Dungeon Overview and Level Annotations

Branches:
Dungeon (2/15)

Altars:
Okawaru


Innate Abilities, Weirdness & Mutations

You cannot wear armour.
You are incapable of wielding weapons or throwing items.
You have razor-sharp teeth.
You have supernaturally acute eyesight.
You are carnivorous and can eat meat at any time.
You cover ground quickly.
You are covered in fur (AC +1).
You have a slow metabolism.
Your paws have sharp claws that are effective at stabbing.


Message History

The quokka completely misses you. The goblin hits you.
You closely miss the quokka. The quokka bites you. The goblin hits you.
You are too injured to fight recklessly!
You are too injured to fight recklessly!
You are too injured to fight recklessly!
You are too injured to fight recklessly!
You scratch the quokka but do no damage.
The quokka barely misses you. The goblin closely misses you.
You scratch the quokka.
The quokka begins to bleed from its wounds!
The quokka is moderately wounded.
The quokka closely misses you. The goblin hits you.
You scratch the quokka.
The quokka is severely wounded.
The quokka closely misses you. The goblin hits you.
* * * LOW HITPOINT WARNING * * *
Drink which item? (? for menu, Esc to quit)
It was a potion of restore abilities.
You feel refreshed. The quokka bites you.
You die... "What!?
That's it?"

#.#. #..r..
#####.♣.♣.♣.♣
........._.... +
.....♣.♣.♣.♣.# #..
............#
....##+..#.♣.♣.#.###
......................
.......r@............
..
......#g###.......##.#
.. ### #. #.......##.#
#. #. #.......##.# #.
#. #.......##.# #. #.
#.......##.# #. #.
#.......##.###. ..
########....... .
...............


You could see a quokka (bleeding) and a goblin.

Vanquished Creatures
  A giant gecko (D:1)
  5 bats (D:1)
  5 goblins (D:1)
  6 hobgoblins (D:1)
  2 kobolds (D:1)
  A quokka (D:2)
  3 giant cockroaches (D:1)
  2 giant newts (D:1)
  2 rats (D:2)
27 creatures vanquished.

Notes
Turn   | Place    | Note
--------------------------------------------------------------
     0 | D:1      | McCoppin, the Felid Chaos Knight, began the quest for the Orb.
     0 | D:1      | Reached XP level 1. HP: 10/10 MP: 2/2
   226 | D:1      | Reached XP level 2. HP: 14/14 MP: 3/3
   499 | D:1      | XOM: silly message
   511 | D:1      | XOM: divination: detect items
   531 | D:1      | XOM: harmless Divn miscast
   553 | D:1      | XOM: divination: detect creatures
   830 | D:1      | Reached XP level 3. HP: 8/17 MP: 5/5
  1184 | D:2      | Found an iron altar of Okawaru.
  1197 | D:2      | Slain by a quokka

Action                   || total
-------------------------++-------
Melee: Unarmed           ||    73
  Use: Potion            ||     1
 Stab: Sleeping          ||     2
  Eat: Chunk             ||     6
